[Event "MCCT Chessable Masters 2022"]
[Site "Online"]
[Date "2022.05.16"]
[Round "10.4"]
[White "Tari, Aryan"]
[Black "Van Foreest, Jorden"]
[Result "1-0"]
[ECO "C17"]
[WhiteElo "2654"]
[BlackElo "2715"]
[Annotator "TA"]
[PlyCount "81"]
[EventDate "2022.05.19"]
[EventType "tourn"]
[EventCountry "NET"]
[SourceTitle "playchess.com"]
[Source "ChessBase"]
[SourceQuality "1"]
[TimeControl "900+10"]

1. e4 e6 2. d4 d5 3. Nc3 Bb4 4. e5 c5 5. Bd2 Nc6 6. Nb5 Bxd2+ 7. Qxd2 Nxd4 8. Nxd4 cxd4 9. f4 Qb6 10. O-O-O {[%emt 0:00:08][%mdl 1024] White has compensation. C17: French: 3 Nc3 Bb4 4 e5 c5 sidelines.} Ne7 11. Nf3 Nc6 12. g4 $5 {[%emt 0:01:36][%cal Bg2g4,Bg4g5][%mdl 4] White is slightly better. Leaves trodden paths.} Bd7 13. h4 O-O-O {[%emt 0:01:48] [#]} 14. Nxd4 $146 ({Predecessor:} 14. h5 Kb8 15. Kb1 f6 16. h6 fxe5 17. Nxe5 Nxe5 18. fxe5 gxh6 19. Rxh6 Rdg8 20. Qf4 {1-0 (34) Lobanov,S (2394)-Xu,J (1930) Porto Carras 2015}) 14... h5 15. Nb5 {[%emt 0:01:03] Strongly threatening Nd6+.} Kb8 (15... hxg4 $2 16. Nd6+ Kb8 17. Nxf7 $18) 16. Nd6 Be8 (16... hxg4 17. Nxf7 Rc8 18. Nxh8 $18) 17. g5 Qc7 18. Rh3 f6 (18... Rxd6 $142 19. exd6 Qxd6) 19. Rb3 $16 (19. gxf6 $6 gxf6 20. Rb3 (20. Nxe8 Rhxe8 21. exf6 Rf8 $11) 20... Na5 $16) 19... Na5 {[%emt 0:00:05] [#]} 20. Rc3 (20. Qxa5 $1 $18 Qxa5 21. Nxb7 Qxa2 22. Nxd8+ Kc8 23. Nxe6 Qa1+ 24. Kd2 Qa5+ 25. c3) 20... Nc6 21. Qe1 ({Don't do} 21. gxf6 gxf6 22. Bb5 (22. Nxe8 Rdxe8 23. exf6 Rhf8 $11) 22... Rf8 $16) (21. Nxe8 $142 Rhxe8 22. exf6 (22. gxf6 gxf6 23. exf6 Rf8 $11)) 21... fxe5 22. fxe5 Rf8 23. Qg3 Ka8 24. Bh3 Bd7 25. Kb1 Qa5 26. Bg2 (26. Rb3 $16 Rb8 27. c4) 26... Qa4 $11 27. g6 Rf4 (27... Nb4 28. a3 Nc6 29. Bf3 $16) (27... Nd4 $11) 28. b3 $16 Qa5 29. Rxc6 $1 ({Don't play} 29. Qxf4 $6 Qxc3 30. Qf3 Qc5 $11) 29... Rg4 30. Qc3 Qxc3 31. Rxc3 Rxg2 32. Rc7 {[%emt 0:00:21] Black must now prevent Rf1.} Be8 33. Nxb7 {[%emt 0:01:01] 0x0.001de6d20279dp-1022s more active pieces.} Rb8 {[%emt 0:00:30][%mdl 8192] Loses the game.} (33... Rd7 $16 {is more resistant.} 34. Rxd7 Bxd7) 34. Na5 $18 {[%emt 0:00:03] Threatens to win with Rf1.} Rg4 (34... Bxg6 {is a self mate.} 35. Nc6) 35. Kc1 {[%emt 0:00:48] aiming for Rf1.} Rf4 {[%emt 0:00:20] Prevents Rf1.} 36. Rxg7 Rc8 $2 (36... Rg4 37. Re7 Rxg6) 37. Rg8 {[%emt 0:00:26] White is clearly winning.} Rg4 38. g7 Bd7 {[%emt 0:00:23] [#]} 39. Rf1 $1 Kb8 (39... Rxg8 40. Rf8+) 40. Rxc8+ Bxc8 41. Rf7 {[%emt 0:00:01] Weighted Error Value: White=0.21 (precise) /Black=0.36} 1-0

[Event "MCCT Chessable Masters 2022"]
[Site "Online"]
[Date "2022.05.16"]
[Round "10.5"]
[White "Grandelius, Nils"]
[Black "Mamedyarov, Shakhriyar"]
[Result "0-1"]
[ECO "E05"]
[WhiteElo "2635"]
[BlackElo "2770"]
[Annotator "TA"]
[PlyCount "58"]
[EventDate "2022.05.19"]
[EventType "tourn"]
[EventCountry "NET"]
[SourceTitle "playchess.com"]
[Source "ChessBase"]
[SourceQuality "1"]
[TimeControl "900+10"]

1. Nf3 Nf6 2. g3 d5 3. Bg2 e6 4. O-O Be7 5. d4 O-O 6. c4 dxc4 7. Qa4 {[%emt 0:00:11] E05: Open Catalan: 5 Nf3 Be7.} b6 8. Ne5 Qxd4 9. Bxa8 {[%emt 0:00:02] [#] Threatens to win with Nc6. The position is equal.} Qxe5 10. Nc3 {[%emt 0:00:15] [#]} Qh5 $146 (10... Ba6 $11) ({Predecessor:} 10... Bd7 11. Qxc4 c6 12. Rd1 b5 13. Qf4 Qh5 14. Qf3 Qxf3 15. exf3 Nd5 16. Bb7 b4 17. Nxd5 exd5 {1-0 (32) Kourousis,E (2394)-Kozusek,D (2339) Prague 2019}) 11. Bg2 (11. Bf3 $14 {might be stronger.} Qf5 12. Qxa7 (12. Qxc4 Bc5 $16)) 11... Bc5 ({Don't take} 11... Ng4 12. h3 Nf6 13. Qxa7 $16 (13. Qxc4 Bd6 $16)) 12. Qxc4 Ba6 13. Qh4 Bxe2 {[%emt 0:00:56] [#] ...Qxh4 is the strong threat.} 14. Qxh5 Bxh5 15. Bf4 Na6 16. a3 {[%emt 0:01:53] Inhibits Nb4.} Bd6 17. Bxd6 cxd6 18. Rfe1 ({Better is} 18. a4 $16) 18... Nc5 $11 19. b4 {[%emt 0:00:40][%mdl 1024] White has compensation.} Nb3 20. Ra2 {[%emt 0:00:01] With the idea Nb5.} d5 $1 21. Nb5 a6 $1 22. Rb2 axb5 23. Rxb3 Rc8 {[%emt 0:00:05] Prevents Rc3.} 24. h3 Ne8 25. g4 Bg6 26. f4 Bc2 {[%emt 0:01:10] Prevents f5.} 27. Rb2 d4 {[%emt 0:01:18][%cal Bd5d4,Bd4d3][%mdl 32] Threatening ...d3.} 28. Kf2 $2 (28. f5 $11 {and White stays safe.}) 28... d3 $19 {[%emt 0:00:21] Strongly threatening ...d2.} 29. Ke3 (29. Bf3 $17) 29... Nd6 {[%emt 0:00:02] Weighted Error Value: White=0.26 (precise) /Black=0.11 (very precise)} 0-1

[Event "MCCT Chessable Masters 2022"]
[Site "Online"]
[Date "2022.05.16"]
[Round "10.6"]
[White "Praggnanandhaa R"]
[Black "Hansen, Eric"]
[Result "1-0"]
[ECO "D61"]
[WhiteElo "2642"]
[BlackElo "2606"]
[Annotator "TA"]
[PlyCount "121"]
[EventDate "2022.05.19"]
[EventType "tourn"]
[EventCountry "NET"]
[SourceTitle "playchess.com"]
[Source "ChessBase"]
[SourceQuality "1"]
[TimeControl "900+10"]

1. d4 Nf6 2. c4 e6 3. Nf3 d5 4. Nc3 c6 5. Bg5 h6 6. Bh4 Nbd7 7. e3 Be7 8. Qc2 O-O 9. Rd1 b6 10. Be2 Bb7 11. O-O {[%emt 0:00:04] D61: Queen's Gambit Declined: Classical: 7 Qc2.} Rc8 12. e4 $5 {[%emt 0:01:36][%mdl 4] Leaves trodden paths.} Nxe4 (12... dxc4 {keeps more tension.} 13. Bxc4 b5 14. Qb3 g5) 13. Bxe7 {[%emt 0:00:04] The position is equal.} Qxe7 14. Nxe4 dxe4 15. Qxe4 Nf6 16. Qe3 {[%emt 0:00:05] [#]} Rfd8 $146 ({Predecessor:} 16... Rfe8 17. c5 Nd5 18. Qa3 b5 19. Bd3 a5 20. Bb1 a4 21. Qd3 Nf6 22. Ne5 Red8 {1-0 (31) Vrolijk,L (2410)-Brueckner,T (2375) Chess.com INT 2017}) 17. Ne5 c5 18. dxc5 bxc5 19. Bf3 Bxf3 20. Qxf3 {[%emt 0:00:00] Nc6 is the strong threat.} Qc7 {[%emt 0:00:06] Prevents Nc6.} 21. Qe3 Rb8 22. b3 Ne8 23. Rd3 Nd6 24. g4 {[%emt 0:01:47] Prevents Nf5.} Ne8 25. Rfd1 Rxd3 26. Rxd3 {[%emt 0:00:05] And now Rd7 would win.} Nf6 {[%emt 0:00:01] Against Rd7} 27. Kg2 Rb6 28. h4 Rd6 $1 29. g5 (29. Rxd6 $14 {deserves consideration.} Qxd6 30. g5 hxg5 31. hxg5) 29... hxg5 30. hxg5 (30. Rxd6 $14 Qxd6 31. hxg5) 30... Rxd3 $11 31. Nxd3 {[%emt 0:00:02][%mdl 4096] Endgame KQN-KQN} Nd7 ({Not} 31... Ng4 32. Qxc5 Qb7+ 33. Kg3 $18 (33. f3 Qd7 $16)) 32. Qe4 {[%emt 0:00:07] Active counter play!} Qd6 33. g6 {[%emt 0:01:19] White wants to play Qa8+.} Kf8 (33... f5 {feels hotter.} 34. Qa8+ Nf8 35. Qe8 Qd7) 34. Qf3 f5 35. Nf4 Ke7 36. Qe3 Ne5 37. b4 (37. Qh3 $11) 37... Nxc4 $15 38. Qxc5 Qxc5 39. bxc5 {[%emt 0:00:00] KN-KN} Ne5 40. Kg3 (40. Kf1 $15) 40... Kf6 $1 $17 41. Kh4 Nc6 42. Kh5 Ne5 ({Black should try} 42... Nd4 $17 43. a4 Nc6) 43. f3 $2 (43. Kh4 $11 {and White has nothing to worry.}) 43... Nc6 ({Worse is} 43... Nxf3 44. c6 Ke7 45. c7 $11) (43... Ke7 $1 $19 44. c6 Nxc6) 44. Nd3 e5 45. a3 $2 (45. Nb2 $17) 45... e4 $19 46. fxe4 fxe4 47. Nf4 {[%emt 0:00:04] [#]} Kf5 48. Ng2 Ne5 $2 ({Better is} 48... Ne7 $19 {Hoping for ...Ke5.} 49. Kh4 Nxg6+ 50. Kg3 Ke5) 49. Ne3+ $11 Kf4 50. Nd5+ Kf3 51. Kg5 $1 e3 {[%emt 0:00:02] ( -> ...e2)} (51... Nc6 $5 52. Kf5 e3 $11) 52. Nc3 {[%emt 0:00:06] Strongly threatening Kf5.} e2 (52... Nc6 $5 53. Kf5 e2 54. Nxe2 Kxe2 $11) 53. Nxe2 Kxe2 {[%emt 0:00:00] KN-K3P} 54. Kf5 Nc6 55. Ke6 Kd3 56. Kf7 Kc4 57. Kxg7 {[%emt 0:00:02] Intending Kf6 and mate.} Ne5 $2 (57... Kxc5 $11 58. Kf6 Kd6) 58. c6 $1 {[%emt 0:00:15][%mdl 64] Promotion. White mates.} Nxc6 {[%emt 0:00:14] [#]} 59. Kf6 $1 Nb8 60. g7 Nd7+ 61. Kf5 {[%emt 0:00:01] White used his chance.  Weighted Error Value: White=0.22 (precise) /Black=0.33} 1-0

[Event "MCCT Chessable Masters 2022"]
[Site "Online"]
[Date "2022.05.16"]
[Round "10.7"]
[White "Harikrishna, Pentala"]
[Black "Ding, Liren"]
[Result "0-1"]
[ECO "B22"]
[WhiteElo "2705"]
[BlackElo "2806"]
[Annotator "TA"]
[PlyCount "68"]
[EventDate "2022.05.19"]
[EventType "tourn"]
[EventCountry "NET"]
[SourceTitle "playchess.com"]
[Source "ChessBase"]
[SourceQuality "1"]
[TimeControl "900+10"]

1. e4 c5 2. c3 Nf6 3. e5 Nd5 4. Bc4 Nb6 5. Bb3 d6 {[%emt 0:00:17] [#]} 6. e6 $146 {[%emt 0:00:21] B22: Sicilian: 2 c3.} (6. Nf3 $11) ({Predecessor:} 6. exd6 Qxd6 7. Na3 Bf5 8. d4 cxd4 9. Nf3 dxc3 10. Qxd6 exd6 11. bxc3 Be7 12. Nb5 Na6 {0-1 (86) Jones,G (2672)-Volokitin,A (2687) Germany 2022}) 6... Bxe6 $15 7. Bxe6 fxe6 8. d4 {[%emt 0:00:03] Black is slightly better.} cxd4 9. cxd4 Nc6 10. Nf3 g6 11. Ng5 Qd7 12. Qf3 (12. Be3 $142) 12... O-O-O (12... Nxd4 $17 13. Qf7+ Kd8) 13. Nf7 Bg7 14. Nxd8 Nxd4 15. Qd3 {[%emt 0:01:11] [#] Hoping for Nf7.} Kxd8 (15... Rxd8 $17 16. O-O Qb5 17. Qxb5 Nxb5) 16. Nc3 $11 Qc6 17. O-O Qc4 18. Qd1 Nd5 $36 {[%emt 0:00:13][%mdl 2048] Black is more active.} 19. Nxd5 exd5 20. Be3 $2 (20. Kh1 $11 {and White has nothing to worry.}) 20... Ne2+ $19 21. Kh1 {[%emt 0:00:08] [#] And now Re1 would win.} Bxb2 22. Bxa7 Kd7 (22... Bxa1 $19 {has better winning chances.} 23. Qxa1 d4) 23. Rb1 $2 {[%emt 0:00:37] Now White is beyond hope.} (23. Qb1 $17 {was the only defense.} Bxa1 24. Qxb7+ Ke6 25. Rxa1) 23... Nc3 24. Qf3 Nxb1 25. Rxb1 Ra8 {[%emt 0:00:10] Black is clearly winning.} ({Avoid the trap} 25... Qxa2 $2 26. Qd3 Ra8 27. Qb5+ Ke6 28. Rxb2 Qa1+ 29. Rb1 Rxa7 30. Qb6 $19) 26. Be3 Rxa2 27. Qh3+ Kc7 28. Qxh7 Qe4 29. Re1 Ra1 30. Rxa1 Bxa1 31. h3 Kd7 {[%emt 0:00:38] aiming for ...Be5.} 32. Qg8 Be5 {[%emt 0:00:11] ( -> ...Qb1+)} 33. f4 Qxe3 34. fxe5 Qe1+ {[%emt 0:00:01] Weighted Error Value: White=0.68/Black=0.23 (precise)} 0-1

[Event "MCCT Chessable Masters 2022"]
[Site "Online"]
[Date "2022.05.16"]
[Round "10.8"]
[White "Jones, Gawain C B"]
[Black "Anton Guijarro, David"]
[Result "1-0"]
[ECO "C84"]
[WhiteElo "2669"]
[BlackElo "2691"]
[Annotator "TA"]
[PlyCount "71"]
[EventDate "2022.05.19"]
[EventType "tourn"]
[EventCountry "NET"]
[SourceTitle "playchess.com"]
[Source "ChessBase"]
[SourceQuality "1"]
[TimeControl "900+10"]

1. e4 e5 2. Nf3 Nc6 3. Bb5 a6 4. Ba4 Nf6 5. d4 exd4 6. O-O Be7 7. e5 Ne4 8. Nxd4 O-O 9. Nf5 d5 10. Nxe7+ Nxe7 11. c3 {[%emt 0:00:05] C84: Closed Ruy Lopez: Unusual White 6th moves.} Nc5 12. Bc2 Bf5 13. Na3 {[%emt 0:00:02] The position is equal.} Qd7 14. Be3 Ne6 {[%emt 0:00:42] [#]} 15. g4 $5 $146 {[%emt 0:00:20][%mdl 8] An interesting novelty.} ({Predecessor:} 15. f4 f6 16. exf6 Rxf6 17. Qd2 Raf8 18. Rad1 h5 19. Bxf5 Nxf5 20. Nc2 c6 21. Bf2 {0-1 (34) Durarbayli,V (2629)-Dubov,D (2714) Riga 2021}) 15... Bxc2 16. Nxc2 g5 17. h4 Ng6 (17... h6 $1 $11) 18. hxg5 $16 Nxe5 19. f4 $36 {[%emt 0:00:51][%mdl 2048] White has some pressure.} Nc4 20. Bc1 (20. b3 $14 Nxe3 21. Nxe3) 20... Rfe8 {[%emt 0:02:07] [#]} (20... c6 $1 $11 {keeps the balance.}) 21. b3 $1 Na5 {[%emt 0:00:57] [#] A mistake that costs the game.} (21... Nb6 $16) 22. Ne3 $1 $18 Rad8 23. Nf5 {[%emt 0:00:25] Hoping for Nh6+.} Ng7 $2 (23... Nc6 24. Bb2 Kh8) 24. Nh6+ Kh8 25. Qd4 Nc6 26. Qf2 {[%emt 0:01:35] aiming for f5.} ({Stronger than} 26. Qf6 Re6 27. Nxf7+ Kg8 28. Nh6+ Kh8 29. Nf7+ Kg8 30. Nh6+ Kh8 31. Nf7+ $11) 26... d4 (26... Re4 {might work better.} 27. f5 Ne5) 27. Bb2 d3 28. Rfe1 {[%emt 0:00:07] Prevents Re2.} (28. c4 $2 Re2 29. Bxg7+ Kxg7 $17) 28... Rxe1+ 29. Rxe1 Re8 30. Rxe8+ Qxe8 31. c4 Qd7 {[%emt 0:00:18] Strongly threatening ...d2.} 32. Bc3 {[%emt 0:00:23] White threatens Qb2 and mate.} ({Not} 32. Nf5 $2 d2 33. Bxg7+ Kg8 $19) 32... Nd8 (32... d2 $18 33. Qxd2 Qxd2 34. Bxd2 Nd4 35. Nxf7+ Kg8) 33. Bxg7+ (33. Qb2 $142 Nde6 34. Bxg7+ Nxg7 35. Nf5 Qxf5 36. gxf5 Kg8 37. Qf6 Nxf5 38. Qxf5) 33... Kxg7 {[%emt 0:00:02] White is clearly winning.} 34. Qb2+ Kf8 35. Qh8+ Ke7 36. Nf5+ {[%emt 0:00:18] Weighted Error Value: White=0.09 (flawless) /Black=0.82} 1-0

[Event "MCCT Chessable Masters 2022"]
[Site "Online"]
[Date "2022.05.16"]
[Round "11.1"]
[White "Anton Guijarro, David"]
[Black "Carlsen, Magnus"]
[Result "1/2-1/2"]
[ECO "B30"]
[WhiteElo "2691"]
[BlackElo "2864"]
[Annotator "TA"]
[PlyCount "74"]
[EventDate "2022.05.19"]
[EventType "tourn"]
[EventCountry "NET"]
[SourceTitle "playchess.com"]
[Source "ChessBase"]
[SourceQuality "1"]
[TimeControl "900+10"]

1. e4 c5 2. Nf3 Nc6 3. Bb5 e6 4. Bxc6 bxc6 5. d3 Qc7 6. O-O e5 {[%emt 0:01:27] B30: Sicilian: 2...Nc6 3 Bb5, lines without ...g6.} 7. c3 Nf6 8. Bg5 Be7 {[%emt 0:02:06] White is slightly better.} 9. d4 cxd4 10. cxd4 d6 {[%emt 0:00:01] [#]} 11. dxe5 $146 ({Predecessor:} 11. Qc2 O-O 12. Nbd2 exd4 13. Nxd4 c5 14. Rac1 Qb7 15. N4f3 Bg4 16. Rfe1 Rfe8 17. e5 dxe5 18. Rxe5 {0-1 (40) Aguilar,F (1835)-Topel,Z (2214) Dresden 2008}) 11... dxe5 12. Qc2 O-O 13. Nbd2 h6 14. Be3 Be6 15. Rfc1 Rfc8 16. Bc5 Bxc5 17. Qxc5 Nd7 18. Qc3 c5 19. Nc4 f6 20. Nh4 Nb6 21. Ne3 c4 22. Nhf5 Kh7 23. Qa3 Rd8 24. Rd1 Bxf5 (24... c3 {is interesting.} 25. bxc3 Nc4 26. Qa6 Rxd1+ 27. Rxd1 Qc8) 25. Nxf5 Rd7 26. Qf3 Rad8 {[%emt 0:00:37] The position is equal.} 27. Rxd7 Qxd7 28. h4 Qd2 29. Qa3 Rd7 30. h5 Qe2 31. Ng3 Qd3 32. Qf8 Qc2 33. Qe8 Qxb2 34. Qg6+ Kg8 35. Qe8+ Kh7 36. Qg6+ Kg8 37. Qe8+ Kh7 {[%emt 0:00:02] Weighted Error Value: White=0.03 (flawless) /Black=0.03 (flawless)} 1/2-1/2

[Event "MCCT Chessable Masters 2022"]
[Site "Online"]
[Date "2022.05.16"]
[Round "11.2"]
[White "Ding, Liren"]
[Black "Jones, Gawain C B"]
[Result "1-0"]
[ECO "E73"]
[WhiteElo "2806"]
[BlackElo "2669"]
[Annotator "TA"]
[PlyCount "83"]
[EventDate "2022.05.19"]
[EventType "tourn"]
[EventCountry "NET"]
[SourceTitle "playchess.com"]
[Source "ChessBase"]
[SourceQuality "1"]
[TimeControl "900+10"]

1. d4 Nf6 2. c4 g6 3. Nc3 Bg7 4. e4 d6 5. Be2 O-O 6. h4 c5 {[%emt 0:00:16] The main line 6...c5 scores better than 6...h5.} 7. d5 e6 8. h5 exd5 {[%emt 0:00:05] E73: King's Indian: Averbakh Variation without 6...c5.} 9. exd5 Re8 10. h6 Bh8 {[%emt 0:00:01] The position is equal.} 11. Bg5 {[%emt 0:00:07] [#]} Qa5 $146 ({Predecessor:} 11... Qb6 12. b3 Ne4 13. Nxe4 Rxe4 14. Kf1 Na6 15. Bd3 Bg4 16. f3 Rd4 17. Qe2 Bd7 {½-½ (33) Oparin,G (2674)-Nakamura,H (2750) Berlin 2022}) 12. Bd2 Qb6 13. b3 Ne4 14. Nxe4 Rxe4 15. Rc1 Nd7 (15... Na6 $142) 16. Nf3 Ne5 17. Ng5 Nd3+ 18. Kf1 Nb2 $2 {[%emt 0:00:19] Black is on the road to losing.} (18... Nxc1 $11 19. Nxe4 Nxa2) 19. Qc2 $18 Rxe2 20. Kxe2 Bf5 21. Ne4 Re8 22. f3 Qd8 23. Rce1 Rxe4+ (23... Bxe4 {was worth a try.} 24. fxe4 Qf6) 24. fxe4 {[%emt 0:00:00] Chess con chili.} Bg4+ 25. Kf1 {[%emt 0:01:25] [#] Threatens to win with Bc3.} Be5 26. Be3 f5 27. exf5 Bxf5 28. Qd2 {[%emt 0:00:01] Black must now prevent Bg5.} Nd3 29. Bg5 Qf8 {[%emt 0:00:22] [#]} 30. Rxe5 $1 dxe5 (30... Nxe5 31. Kg1) 31. Kg1 {[%emt 0:00:01][%cal Og2g4] Strongly threatening g4!} Qd6 $2 (31... e4 32. Rh4 Qf7) 32. g4 e4 33. gxf5 Qg3+ 34. Qg2 Qe5 35. Rh4 Qd4+ 36. Kh1 {[%emt 0:00:32] aiming for fxg6.} Qa1+ 37. Qg1 Qxa2 38. Rh2 {[%emt 0:00:39] White mates.} Qxb3 39. fxg6 Ne5 40. gxh7+ Kxh7 41. Be3 Ng6 42. Rg2 {[%emt 0:00:03] Weighted Error Value: White=0.06 (flawless) /Black=0.58} 1-0

[Event "MCCT Chessable Masters 2022"]
[Site "Online"]
[Date "2022.05.16"]
[Round "11.3"]
[White "Hansen, Eric"]
[Black "Harikrishna, Pentala"]
[Result "0-1"]
[ECO "C84"]
[WhiteElo "2606"]
[BlackElo "2705"]
[Annotator "TA"]
[PlyCount "74"]
[EventDate "2022.05.19"]
[EventType "tourn"]
[EventCountry "NET"]
[SourceTitle "playchess.com"]
[Source "ChessBase"]
[SourceQuality "1"]
[TimeControl "900+10"]

1. e4 e5 2. Nf3 Nc6 3. Bb5 a6 4. Ba4 Nf6 5. d3 d6 6. Bxc6+ bxc6 7. O-O Be7 8. h3 O-O 9. Re1 {[%emt 0:00:01] C84: Closed Ruy Lopez: Unusual White 6th moves.} c5 10. c3 Nd7 11. Nbd2 {[%emt 0:00:03] [#] The position is equal.} Bb7 $146 ({Predecessor:} 11... a5 12. Nf1 Re8 13. Qc2 Bb7 {0-1 (13) De la Foret,F (2142)-Cleto,D (2226) FICGS email 2019}) 12. Nc4 Rb8 13. Bd2 (13. Ne3 $11) 13... f5 $15 14. b4 (14. Qc2 $15) 14... fxe4 15. dxe4 Qe8 $1 16. Rb1 (16. Na5 $15) 16... Ba8 (16... Qg6 {seems wilder.} 17. Qe2 Bc6 18. Ra1 Kh8) 17. Qe2 cxb4 18. cxb4 Nf6 19. Qd3 Nh5 (19... Kh8 $15) 20. Nh2 ({White should try} 20. Rbc1 $11) 20... Qg6 21. Ng4 Bg5 22. Rbc1 (22. f3 $11 {keeps the balance.}) 22... Bxd2 $1 $17 23. Nxd2 {[%emt 0:00:02] [#]} Nf4 $1 24. Qf3 (24. Qb3+ $17 {was necessary.} Kh8 25. Kh2 (25. Rxc7 $2 h5 $19)) 24... h5 25. Nh2 (25. Ne3 {was called for.}) 25... Rf7 26. a3 {[%emt 0:00:29] [#]} Rbf8 ({Better is} 26... d5 $1 $19 {Hoping for ...dxe4.} 27. Rcd1 dxe4) 27. Ndf1 {[%emt 0:04:09] White does not recover from this.} (27. Rc2 $15) 27... d5 $19 28. Rcd1 $2 (28. Qg3 Qxg3 29. fxg3) 28... dxe4 29. Qg3 Qh6 30. Ne3 Nd3 31. h4 Nxe1 32. Rxe1 Rxf2 33. Qxe5 Rd2 34. Nhf1 Rd3 {[%emt 0:00:10] Black is clearly winning.} 35. Qxc7 Qf6 {[%emt 0:00:07] ( -> ...Qf2+)} 36. Re2 {[%emt 0:01:16] [#] Prevents Qf2+.} (36. Qg3 $142) 36... Rd1 $3 37. Qc4+ {[%emt 0:00:28] [#]} (37. Kh2 Qxh4+) 37... Bd5 $1 {[%emt 0:00:18][%mdl 512] Weighted Error Value: White=0.78/Black=0.15 (very precise)} 0-1

[Event "MCCT Chessable Masters 2022"]
[Site "Online"]
[Date "2022.05.16"]
[Round "11.4"]
[White "Mamedyarov, Shakhriyar"]
[Black "Praggnanandhaa R"]
[Result "1-0"]
[ECO "D41"]
[WhiteElo "2770"]
[BlackElo "2642"]
[Annotator "TA"]
[PlyCount "91"]
[EventDate "2022.05.19"]
[EventType "tourn"]
[EventCountry "NET"]
[SourceTitle "playchess.com"]
[Source "ChessBase"]
[SourceQuality "1"]
[TimeControl "900+10"]

1. d4 Nf6 2. c4 e6 3. Nf3 d5 4. Nc3 c5 5. cxd5 Nxd5 6. e4 Nxc3 7. bxc3 cxd4 8. cxd4 Bb4+ 9. Bd2 Bxd2+ 10. Qxd2 O-O 11. Bc4 Nd7 12. O-O b6 13. Rfe1 Bb7 14. Rad1 Rc8 {[%emt 0:00:01] D41: Queen's Gambit Declined: Semi-Tarrasch with 5 cxd5.} 15. Bb3 Re8 16. d5 exd5 {[%emt 0:00:02] [#] The position is equal.} 17. Nd4 $1 $146 {[%emt 0:00:06][%mdl 8] An important novelty.} ({Predecessor:} 17. e5 Qc7 18. Qe3 h6 19. h3 Re7 20. Ba4 d4 21. Rxd4 Bxf3 22. Bxd7 Rxd7 23. Rxd7 Qxd7 24. Qxf3 {½-½ (39) Mamedyarov,S (2771)-Praggnanandhaa,R (2624) Oslo 2022}) 17... Rc5 (17... Rxe4 $2 18. Rxe4 dxe4 19. Nf5 $18 (19. Ne6 Qe7 $17)) 18. f3 g6 19. Nc2 Nf6 20. e5 {[%emt 0:00:48][%mdl 1024] White has compensation.} Nd7 (20... Nh5 $1 $11) 21. f4 $16 {[%emt 0:00:03] White is more active.} Qh4 22. Nd4 Qg4 {[%emt 0:01:25] Inhibits e6.} (22... Re6 $16) 23. Ba4 $18 Re7 {[%emt 0:00:14] Prevents e6.} 24. h3 Qg3 (24... Qh4) 25. Bxd7 Rxd7 26. f5 Re7 (26... Rc8 $142 27. Qh6 Qa3) 27. Re3 $2 (27. f6 {Threatening mate with Qh6.} Rxe5 28. Nf3 Rxe1+ 29. Rxe1 Qxe1+ 30. Nxe1) 27... Qg5 28. Qf2 {[%emt 0:01:33] aiming for e6.} Rc4 (28... Bc8 $142) 29. f6 Rxe5 30. Rxe5 Qxe5 31. Re1 Qb8 {[%emt 0:00:03] [#]} 32. Qf4 $3 Qf8 (32... Qxf4 $2 33. Re8#) 33. Re7 $40 {[%emt 0:00:03][%mdl 128] Black is in trouble.} Bc6 34. Qe3 Ba4 35. Rxa7 {[%emt 0:01:23][%cal Od4f5] And now Nf5! would win.} Bc2 {[%emt 0:00:16] [#] Prevents Nf5.} (35... h5 $18 36. Ne6 fxe6 37. Rg7+ Qxg7 38. fxg7 Kxg7) 36. Qe5 $2 (36. Ne6 $1 {[%mdl 512] mates} Re4 37. Qh6 Re1+ 38. Kh2 Qd6+ 39. Nf4 Qxf4+ 40. Qxf4 h5 41. Qh6 Rh1+ 42. Kxh1 Bf5 43. Qg7#) 36... Be4 $2 (36... Rc8 37. Qxd5 Bb1) 37. Re7 Rc8 {[%emt 0:00:04] [#] Prevents Re8.} 38. Kh2 (38. Ne6 $1 $18 fxe6 39. Qxe6+ Kh8 40. Qe5) 38... h5 (38... h6 $16 {might work better.}) 39. h4 $2 (39. a4 $18) 39... Kh8 $2 (39... Ra8 $11 {and Black has nothing to worry.}) 40. Nb5 {[%emt 0:00:15] White wants to mate with Nd6.} Qg8 41. Nd6 Rf8 {[%emt 0:00:01] [#]} 42. Nxf7+ $1 {[%emt 0:00:14][%mdl 576] Deflection} Rxf7 43. Re8 Kh7 44. Rxg8 (44. Qb8 $142 Qxe8 45. Qxe8 Rxf6 46. Qe7+ Kg8 47. Qxf6 b5 48. Kg3 Kh7 49. Qf7+ Kh8 50. Qd7) 44... Kxg8 45. Qe8+ Rf8 46. Qe6+ {[%emt 0:00:02] Weighted Error Value: White=0.56/Black=0.96} 1-0